 Dungeon Crawl Stone Soup version 0.26.1-11-gd32895ea62 (webtiles) character file.

Game seed: 9640360330710440096

774 Descartes the Magician (level 7, -2/35 (36) HPs)
             Began as a Deep Elf Wanderer on May 13, 2021.
             Slain by a water moccasin (10 damage)
             ... on level 5 of the Dungeon.
             The game lasted 00:12:30 (6005 turns).

Descartes the Magician (Deep Elf Wanderer)          Turns: 6005, Time: 00:12:30

HP:   -2/35 (36)    AC:  4    Str:  7    XL:     7   Next: 53%
MP:   13/18         EV: 14    Int: 21    God:
Gold: 116           SH:  0    Dex: 13    Spells: 11/18 levels left

rFire    . . .     SeeInvis .   u - +0 dagger (vamp)
rCold    . . .     Faith    .   (no shield)
rNeg     . . .     Spirit   .   d - +0 robe
rPois    .         Reflect  .   f - +0 helmet
rElec    .         Harm     .   (no cloak)
rCorr    .         Rampage  .   p - +0 pair of gloves {Str+3}
Will     .....                  (no boots)
Stlth    +++.......             (no amulet)
HPRegen  0.11/turn              w - -4 ring of strength (curse)
MPRegen  0.16/turn              (no ring)

@: lethally poisoned (-2 -> -8), confusing touch, lightly drained
A: no striking features
a: no special abilities


You were on level 5 of the Dungeon.
You visited 1 branch of the dungeon, and saw 5 of its levels.

You collected 116 gold pieces.

Inventory:

Hand Weapons
 u - a +0 vampiric dagger (weapon)
Missiles
 a - 41 bolts
 b - 88 stones (quivered)
 i - 112 arrows
 l - 16 poisoned darts
 q - 50 sling bullets
 r - 4 datura-tipped darts
Armour
 d - a +0 robe (worn)
 f - a +0 helmet (worn)
 p - a +0 pair of gloves of strength (worn)
Jewellery
 w - a cursed -4 ring of strength (left hand)
Scrolls
 c - a scroll of fog
 g - a scroll of identify
Potions
 e - a potion of haste
 h - a potion of attraction
 j - 2 potions of ambrosia
 k - a potion of invisibility
 m - 3 potions of curing
 n - 2 potions of flight
 s - 3 potions of cancellation


   Skills:
 + Level 3.9 Dodging
 + Level 4.5 Stealth
 + Level 6.3 Spellcasting
 + Level 6.2 Conjurations
 + Level 4.5 Hexes
 - Level 1.1 Summonings
 - Level 1.1 Evocations


You had 11 spell levels left.
You knew the following spells:

 Your Spells              Type           Power        Failure   Level
a - Magic Dart            Conj           100%         1%          1
b - Dazzling Flash        Conj/Hex       58%          3%          3
c - Confusing Touch       Hex            25%          4%          3

Your spell library contained the following spells:

 Spells                   Type           Power        Failure   Level
 Corona                   Hex            27%          1%          1
 Tukima's Dance           Hex            25%          4%          3
 Ensorcelled Hibernation  Hex/Ice        32%          5%          2
 Conjure Flame            Conj/Fire      19%          8%          3
 Pain                     Necr           24%          10%         1
 Vampiric Draining        Necr           3%           28%         3


Dungeon Overview and Level Annotations

Branches:
Dungeon (5/15)
 Temple: D:4-7

Altars:
Cheibriados
Dithmenos
Makhleb
Vehumet

Annotations:
D:3 Edmund


Message History

The water moccasin is heavily wounded.
You feel sick.
The water moccasin seems less confused.
The water moccasin closely misses you.
Casting: Magic Dart (safe; 1% risk of failure)
Confirm with . or Enter, or press ? or * to list all spells.
Your hands begin to glow red.
You feel sick.
The water moccasin bites you but does no damage.
The water moccasin barely misses you.
You closely miss the water moccasin.
The water moccasin is heavily wounded.
The water moccasin bites you but does no damage.
You hit the water moccasin but do no damage.
The water moccasin is heavily wounded.
You feel sick. The water moccasin bites you.
You closely miss the water moccasin.
The water moccasin is moderately wounded.
You feel sick. The water moccasin bites you!
* * * LOW HITPOINT WARNING * * *
The water moccasin bites you!
You die...

##.## ####.#### #....
#...# #.......# ####.
####...###.......#######{
#.......##.......##......
#.##.##.##.......##.#....
#.##.##..........##.#.##.
#.##.............##.#....
#.#####S.........##.#..##
#....<..@##########.#....
########.# ####...... #.#
##.#####.## #.######.#.##
#.# #.##<...###.###.#
#.##...#####.##.#
#.......#.......#
#####......######
#####.##


You could see a water moccasin.

Vanquished Creatures
  Eustachio (D:4)
  A sky beast (D:4)
  Blork the orc (D:4)
  A scorpion (D:4)
  A howler monkey (D:3)
  3 bullfrog skeletons (D:4)
  3 iron imps (D:3)
  An iguana (D:5)
  A hound skeleton (D:4)
  9 adders
  A shadow imp (D:4)
  2 oozes (D:3)
  A worm (D:3)
  2 dart slugs
  5 leopard geckos
  2 orcs
  7 giant cockroaches
  6 goblins
  13 hobgoblins
  2 quokkas (D:2)
  2 ball pythons
  8 bats
  4 frilled lizards
  5 kobolds
  9 rats
91 creatures vanquished.

Notes
Turn   | Place    | Note
-------+----------+-------------------------------------------
     0 | D:1      | Descartes the Deep Elf Wanderer began the quest for the
                  | Orb.
     0 | D:1      | Descartes set off with the following items: a +0 dagger, a
                  | +0 robe; and the following spells available to memorise:
                  | Corona, Magic Dart, Confusing Touch, Tukima's Dance,
                  | Ensorcelled Hibernation, Pain, Dazzling Flash, Conjure
                  | Flame, Vampiric Draining
     0 | D:1      | Reached XP level 1. HP: 10/10 MP: 7/7
     2 | D:1      | Learned a level 1 spell: Magic Dart
     4 | D:1      | Learned a level 1 spell: Pain
   267 | D:1      | Reached XP level 2. HP: 15/15 MP: 5/9
   588 | D:1      | Reached skill level 5 in Spellcasting
   961 | D:1      | Reached XP level 3. HP: 16/19 MP: 0/11
  1525 | D:2      | Reached XP level 4. HP: 15/24 MP: 1/13
  1948 | D:2      | Found a shadowy altar of Dithmenos.
  2672 | D:3      | Found a radiant altar of Vehumet.
  2795 | D:3      | Reached XP level 5. HP: 17/28 MP: 4/15
  3206 | D:3      | Reached skill level 5 in Conjurations
  3249 | D:3      | Found a burning altar of Makhleb.
  3482 | D:3      | Found a snail-covered altar of Cheibriados.
  3555 | D:3      | Reached XP level 6. HP: 32/32 MP: 12/17
  3956 | D:4      | Noticed Blork the orc
  3966 | D:4      | Killed Blork the orc
  3967 | D:4      | Reached skill level 1 in Dodging
  4441 | D:4      | Noticed Eustachio
  4500 | D:4      | Killed Eustachio
  4501 | D:4      | Reached XP level 7. HP: 13/36 MP: 10/18
  4505 | D:4      | Learned a level 3 spell: Dazzling Flash
  4509 | D:4      | Learned a level 3 spell: Confusing Touch
  4766 | D:4      | Noticed Edmund
  5496 | D:5      | Entered Level 5 of the Dungeon
  6005 | D:5      | Slain by a water moccasin

Illustrated notes

Levels and vault maps discovered:
D:1:      nicolae_arrival_memento_mori, layout_basic
D:2:      layout_loops_corners, grunt_dithmenos_smoke_and_mirrors,
          serial_aquarium, aquarium_bridge_island_small
          [aquarium_subvault_small_open, aquarium_subvault_wall,
          aquarium_subvault_bridge, aquarium_subvault_bridge,
          aquarium_subvault_balcony], aquarium_window_1, aquarium_window_corner,
          aquarium_view_2b, aquarium_pool_four
D:3:      layout_basic, kennysheep_slug_shrine, nicolae_overflow_crystal_walls,
          demons_altar
D:4:      layout_rooms, serial_glass, glass_columns_a, glass_columns_a,
          uniq_eustachio, uniq_blork_the_orc, uniq_edmund
D:5:      layout_loops_cross, overflow_temple_1_default

Skill      XL: |  1  2  3  4  5  6 |
---------------+-------------------+-----
Conjurations   | 2 3 4 5 6 |  6.2
Spellcasting   | 5 6 |  6.3
Dodging        | 3 |  3.9
Stealth        | 4 |  4.5
Hexes          | |  4.5
Summonings     | |  1.1
Evocations     | |  1.1

Action                   |  1- 3 |  4- 6 |  7- 9 || total
-------------------------+-------+-------+-------++-------
Melee: Dagger            |       |       |    53 ||    53
 Cast: Magic Dart        |    98 |   179 |    36 ||   313
       Confusing Touch   |       |       |     5 ||     5
  Use: Scroll            |       |    13 |     3 ||    16
       Potion            |       |       |     4 ||     4
 Stab: Invisible         |       |       |     1 ||     1
       Sleeping          |       |       |     1 ||     1
Armor: Robe              |    19 |    16 |     8 ||    43
Dodge: Dodged            |    23 |    34 |    36 ||    93
